 Dungeon Crawl Stone Soup version 0.31-a0-37-g98a128e1d9 (webtiles) character file.

Game seed: 8248292937497897053

93 Nedwor the Cutter (level 4, -13/32 (34) HPs)
             Began as a Demonspawn Gladiator on May 15, 2023.
             Mangled by Crazy Yiuf
             ... wielding a +4 quarterstaff of chaos
              (15 damage)
             ... on level 3 of the Dungeon.
             The game lasted 00:05:16 (2083 turns).

Nedwor the Cutter (Demonspawn Gladiator)            Turns: 2083, Time: 00:05:17

HP:   -13/32 (34)   AC:  7    Str: 19    XL:     4   Next: 36%
MP:   0/4           EV: 11    Int:  9    God:
Gold: 192           SH:  9    Dex: 15    Spells: 3/3 levels left

rFire   + . .        n - +1 dagger (flame)
rCold   + . .        g - +1 kite shield
rNeg    . . .        b - +0 leather armour
rPois   .            c - +0 helmet
rElec   .            (no cloak)
rCorr   .            e - +2 pair of gloves {Str+3}
SInv    .            (no boots)
Will    .....        (no amulet)
Stlth   +            o - ring of protection from cold
HPRegen 0.25/turn    h - ring of protection from fire
MPRegen 0.09/turn

%: no passive effects
@: drained
A: claws 1, powered by death 1
a: no special abilities


You were on level 3 of the Dungeon.
You visited 1 branch of the dungeon, and saw 3 of its levels.

You collected 192 gold pieces.

Inventory:

Hand Weapons
 a - a +0 rapier
 n - a +1 dagger of flaming (weapon)
Armour
 b - a +0 leather armour (worn)
 c - a +0 helmet (worn)
 e - a +2 pair of gloves of strength (worn)
 g - a +1 kite shield (worn)
Jewellery
 h - a ring of protection from fire (right hand)
 o - a ring of protection from cold (left hand)
Wands
 m - a wand of paralysis (9)
Scrolls
 j - a scroll of blinking {unknown}
Potions
 d - 2 potions of attraction {unknown}
 f - a potion of curing
 i - a potion of heal wounds {unknown}
 k - a potion of haste {unknown}
 l - a potion of ambrosia {unknown}
 p - 2 potions of resistance {unknown}


   Skills:
 + Level 2.5 Fighting
 * Level 3.5 Short Blades
 - Level 1.7 Throwing
 + Level 1.3 Armour
 + Level 3.1 Dodging
 + Level 1.0 Shields


You had 3 spell levels left.
You didn't know any spells.
Your spell library was empty.

Dungeon Overview and Level Annotations

Branches:
Dungeon (3/15)

Altars:

Annotations:
D:3 Crazy Yiuf


Innate Abilities, Weirdness & Mutations

You have sharp fingernails.
You regenerate a little health from kills.


Message History

Crazy Yiuf is lightly wounded.
You feel very sick. You block Crazy Yiuf's attack.
You hit Crazy Yiuf. You burn Crazy Yiuf.
Crazy Yiuf is moderately wounded.
You feel sick. You block Crazy Yiuf's attack.
You hit Crazy Yiuf but do no damage.
Crazy Yiuf is moderately wounded.
You feel sick.
Crazy Yiuf cries, "Gum shoe toodlewoodle!"
Crazy Yiuf closely misses you.
You closely miss Crazy Yiuf.
Crazy Yiuf is moderately wounded.
You feel sick.
Crazy Yiuf says, "Gum!
Candle horse cloud."
Crazy Yiuf hits you with a +4 quarterstaff of chaos!
* * * LOW HITPOINT WARNING * * *
You feel your power leaking away.
You feel better.
Crazy Yiuf hits you with a +4 quarterstaff of chaos.
* * * LOW HITPOINT WARNING * * *
You feel better.
Crazy Yiuf hits you with a +4 quarterstaff of chaos!
You feel drained.
You hit Crazy Yiuf. You burn Crazy Yiuf.
Crazy Yiuf is moderately wounded.
Crazy Yiuf whimpers, "Dawk!
Line hand pontify."
Crazy Yiuf hits you with a +4 quarterstaff of chaos!
* * * LOW HITPOINT WARNING * * *
Crazy Yiuf freezes you.
* * * LOW HITPOINT WARNING * * *
You feel better. You block Crazy Yiuf's attack.
You closely miss Crazy Yiuf.
Crazy Yiuf is moderately wounded.
Crazy Yiuf hits you with a +4 quarterstaff of chaos!
* * * LOW HITPOINT WARNING * * *
You closely miss Crazy Yiuf.
Crazy Yiuf is moderately wounded.
Crazy Yiuf hits you with a +4 quarterstaff of chaos!
You die...

#### #####...
#######...)... ####
###)#).#.####...
#)))##))#).P...###...
#.)g@)####P.....##...
#)))### ##.#...####.
#### ####...# #.
#...###. #....##.
#####.......
#.........##
#...........
####....###.


You could see Crazy Yiuf.

Vanquished Creatures
  An adder (D:3)
  A worm (D:2)
  5 dart slugs
  2 orcs (D:3)
  6 ball pythons
  10 bats
  7 endoplasms
  3 giant cockroaches
  3 goblins
  3 hobgoblins
  4 jackals (D:1)
  3 frilled lizards
  7 kobolds
  10 rats
65 creatures vanquished.

Notes
Turn   | Place    | Note
-------+----------+-------------------------------------------
     0 | D:1      | Nedwor the Demonspawn Gladiator began the quest for the
                  | Orb.
     0 | D:1      | Reached XP level 1. HP: 16/16 MP: 1/1
   160 | D:1      | Gained mutation: You regenerate a little health from kills.
                  | [demonic ancestry]
   160 | D:1      | Reached XP level 2. HP: 14/22 MP: 2/2
   366 | D:1      | Reached XP level 3. HP: 4/27 MP: 3/3
   971 | D:1      | Reached skill level 1 in Armour
  1331 | D:2      | Gained mutation: You have sharp fingernails. [demonic
                  | ancestry]
  1331 | D:2      | Reached XP level 4. HP: 34/34 MP: 4/4
  1732 | D:3      | Reached skill level 1 in Shields
  2060 | D:3      | Found a runed translucent door.
  2061 | D:3      | Noticed Crazy Yiuf
  2082 | D:3      | HP: 1/32 [Crazy Yiuf/+4 quarterstaff of chaos (12)]
  2083 | D:3      | Mangled by Crazy Yiuf

Illustrated notes

Levels and vault maps discovered:
D:1:      psy_arrival_dodecagon, layout_basic, serial_bayou_pond_b,
          chequers_jeans, minmay_pentomino_x2
D:2:      layout_rooms, minmay_misc_feat_alley,
          nicolae_concentric_dashed_squares_wild, minmay_strange_pillars
D:3:      layout_rooms, uniq_crazy_yiuf_cottage

Skill      XL: |  1  2  3  4 |
---------------+-------------+-----
Short Blades   | 3 |  3.5
Dodging        | 3 |  3.1
Armour         | 1 |  1.3
Shields        | 1 |  1.0
Fighting       | |  2.5
Throwing       | |  1.7

Action                     |  1- 3 |  4- 6 || total
---------------------------+-------+-------++-------
  Melee: Rapier            |   190 |     4 ||   194
         Dagger            |       |    49 ||    49
    Use: Potion            |     1 |     3 ||     4
         Scroll            |       |     4 ||     4
   Stab: Sleeping          |     1 |     1 ||     2
 Armour: Leather armour    |    65 |     8 ||    73
         Skin              |     8 |       ||     8
  Dodge: Dodged            |   113 |    15 ||   128
  Block: Kite shield       |    77 |    24 ||   101

Table legend: (Time is in decaauts)
 A = Elapsed time spent in this place.
 B = Non-inter-level travel time spent in this place.
 C = Inter-level travel time spent in this place.
 D = Time resting spent in this place.
 E = Time spent auto-exploring this place.
 F = Levels seen in this place.
 G = Mean time per level.
                   A        B        C        D        E       F      G
               +--------+--------+--------+--------+--------+-----+--------+
         Total |   2130 |   2063 |     67 |    287 |   1215 |   3 |  710.0 |
       Dungeon |   2130 |   2063 |     67 |    287 |   1215 |   3 |  710.0 |
               +--------+--------+--------+--------+--------+-----+--------+

Top non-repeatable levels by time:
     D:1: 1051 daAuts
     D:3: 587 daAuts
     D:2: 492 daAuts
